 Dungeon Crawl Stone Soup version 0.20.1-1-g8b1a95d (webtiles) character file.

5702 Irenicus the Slicer (level 10, 0/47 HPs)
             Began as a Spriggan Chaos Knight on Oct 9, 2017.
             Slain by Urug
             ... wielding a +0 demon trident
              (10 damage)
             ... on level 10 of the Dungeon.
             The game lasted 00:26:18 (7608 turns).

Irenicus the Slicer (Spriggan Chaos Knight)         Turns: 7608, Time: 00:26:19

Health: 0/47       AC:  8    Str:  7 (10) XL:     10   Next: 48%
Magic:  0/16       EV: 25    Int: 16 (18) God:    Xom [*.....]
Gold:   456        SH:  0    Dex: 16 (18) Spells: 6/11 levels left

rFire    + . .     SeeInvis +   q - +2 short sword (vamp)
rCold    . . .     Gourm    .   (shield restricted)
rNeg     . . .     Faith    +   b - +2 robe
rPois    .         Spirit   .   (helmet restricted)
rElec    .         Reflect  .   F - +2 cloak {+Inv}
rCorr    .         Harm     .   (gloves unavailable)
MR       +....     Clarity  +   (boots unavailable)
Stlth    +++.......             o - amulet of faith
Regen    0.2/turn               i - ring of protection from fire
MPRegen  0.2/turn               E - +2 ring of slaying

@: brilliant, berserk cooldown, very slightly contaminated, slowed, quick
A: unfitting armour, thin metallic scales 1, see invisible, clarity, deformed
body, dopey 1, herbivore 3, speed 3, low mp 1, slow metabolism 2, strong 1,
sturdy frame 1
a: Renounce Religion, Evoke Invisibility


You were on level 10 of the Dungeon.
You worshipped Xom.
You were a special plaything of Xom.
You were not hungry.

You visited 1 branch of the dungeon, and saw 10 of its levels.

You collected 456 gold pieces.

Inventory:

Hand Weapons
 a - a +0 short sword of chaos
 q - a +2 vampiric short sword (weapon)
 y - a +5 dagger
 M - a +1 dagger of venom
Armour
 b - a +2 robe (worn)
 F - a +2 cloak of invisibility (worn)
Jewellery
 i - a ring of protection from fire (left hand)
 o - an amulet of faith (around neck)
 t - an uncursed ring of protection from fire
 x - an uncursed amulet of harm {unknown}
 E - a +2 ring of slaying (right hand)
Wands
 H - a wand of iceblast (7/15)
 K - a wand of disintegration (16/24)
Scrolls
 e - 2 scrolls of teleportation
 f - a scroll of enchant armour
 g - a scroll of remove curse
 h - a scroll of amnesia
 k - 6 scrolls of identify {unknown}
 l - 2 scrolls of magic mapping {unknown}
 p - a scroll of random uselessness
 v - a scroll of fear {unknown}
 A - a scroll of fog
 D - a scroll of vulnerability {unknown}
 I - a scroll of recharging {unknown}
 J - a scroll of enchant weapon {unknown}
Potions
 n - 2 potions of might
 w - 2 potions of curing
 z - 2 potions of brilliance
 G - a potion of degeneration
 L - a potion of resistance {unknown}
Books
 m - a book of Enchantments

   Spells                             Type                      Level
   a - Cause Fear                     Hexes                        4
   b - Yara's Violent Unravelling     Hexes/Transmutation          5
   c - Silence                        Hexes/Air                    5
   d - Deflect Missiles               Charms/Air                   6
   e - Discord                        Hexes                        8
 r - a book of Flames

   Spells                             Type                      Level
   a - Flame Tongue                   Conjuration/Fire             1
   b - Throw Flame                    Conjuration/Fire             2
   c - Conjure Flame                  Conjuration/Fire             3
   d - Inner Flame                    Hexes/Fire                   3
   e - Sticky Flame                   Conjuration/Fire             4
   f - Fireball                       Conjuration/Fire             5
 u - a book of Geomancy

   Spells                             Type                      Level
   a - Sandblast                      Earth                        1
   b - Passwall                       Transmutation/Earth          2
   c - Stone Arrow                    Conjuration/Earth            3
   d - Petrify                        Transmutation/Earth          4
   e - Lee's Rapid Deconstruction     Earth                        5
 B - a book of Cantrips

   Spells                             Type                      Level
   a - Confusing Touch                Hexes                        1
   b - Animate Skeleton               Necromancy                   1
   c - Summon Small Mammal            Summoning                    1
   d - Apportation                    Translocation                1
 C - a book of Maledictions

   Spells                             Type                      Level
   a - Corona                         Hexes                        1
   b - Ensorcelled Hibernation        Hexes/Ice                    2
   c - Confuse                        Hexes                        3
   d - Tukima's Dance                 Hexes                        3
   e - Dazzling Spray                 Conjuration/Hexes            3
 N - a Young Poisoner's Handbook

   Spells                             Type                      Level
   a - Sting                          Conjuration/Poison           1
   b - Poisonous Vapours              Poison/Air                   2
   c - Mephitic Cloud                 Conjuration/Poison/Air       3
   d - Olgreb's Toxic Radiance        Poison                       4
   e - Venom Bolt                     Conjuration/Poison           5
Comestibles
 c - 14 bread rations
 d - 7 royal jellies


   Skills:
 - Level 2.4 Fighting
 - Level 12.0 Short Blades
 + Level 9.7 Dodging
 + Level 6.4 Stealth
 - Level 1.3 Spellcasting
 - Level 3.1 Transmutations
 - Level 1.0 Earth Magic
 * Level 10.2 Evocations


You had 6 spell levels left.
You knew the following spells:

 Your Spells              Type           Power        Failure   Level  Hunger
a - Passwall              Tmut/Erth      ###.......   1%          2    ###....
b - Confuse               Hex            ##......     8%          3    ####...


Dungeon Overview and Level Annotations

Branches:
Dungeon (10/15)            Temple (0/1) D:7
   Lair: D:8-11         Orc: D:9-12

Altars:
Cheibriados
Elyvilon
Gozag
Hepliaklqana
Kikubaaqudgha
Okawaru
Ru
Uskayaw
Xom
Yredelemnul

Annotations:
D:10 Urug


Innate Abilities, Weirdness & Mutations

You are very small and have problems with some larger weapons.
You are too small for most types of armour.
You have supernaturally acute eyesight. (SInv)
You are a herbivore.
You cover ground extremely quickly.
You need consume almost no food.
You are partially covered in thin metallic scales. (AC +2)
You possess an exceptional clarity of mind.
Armour fits poorly on your strangely shaped body.
You are dopey. (Int -2)
Your magical capacity is low. (-10% MP)
Your muscles are strong. (Str +2)
Your movements are slightly less encumbered by armour. (ER -2)


Message History

You are exhausted.
You feel as though you will be slow longer.
The crimson imp blinks!
Things that are here:
a whip; a halberd It was a potion of degeneration.
There was something very wrong with that liquid.
You feel weakened.
You feel dopey.
You feel clumsy. The eye of draining gazes at you.
You feel your power leaking away.
Okay, then.
You feel much better. Urug closely misses you. The death yak misses you.
Urug completely misses you. The death yak gores you!!
* * * LOW HITPOINT WARNING * * *
You feel much better. Urug closely misses you. The death yak gores you!
* * * LOW HITPOINT WARNING * * *
The eye of draining gazes at you.
Urug hits you from afar with a demon trident!
You die...
Xom snickers!

..... . #+ #...# .. .##.
#.##...###... ....
#...l........ ....
#............ ...
#............ #'###+##...#
#####..##.##...#.##
........@Yl)...'.#⌠#
........)Go....#.###
.$.b....)))....#..... #
#..###l..b.≈.........
#.#########...############
#..............#
#..............#
#..............#
#...##'#########


You could see a death yak, Urug, an eye of draining and 2 basilisks.

Vanquished Creatures
  A hydra (D:9)
  An ugly thing (D:10)
  A cyclops (D:8)
  A wraith (D:10)
  6 yaks (D:9)
  A hungry ghost (D:8)
  Eustachio (D:6)
  A soldier ant (D:6)
  A black bear (D:9)
  A water moccasin (D:9)
  An ice beast (D:8)
  A sky beast (D:10)
  2 orc warriors
  A necrophage (D:8)
  5 ogres
  2 bullfrogs
  2 scorpions
  3 wights (D:6)
  10 howler monkeys
  2 hounds
  2 jellies
  11 orc wizards
  6 orc priests
  Crazy Yiuf (D:7)
  An iguana (D:9)
  A worker ant (D:6)
  A hound skeleton (D:4)
  6 gnolls
  6 adders
  An ooze (D:4)
  2 adder skeletons
  2 worms (D:3)
  A dart slug (D:4)
  6 leopard geckos
  35 orcs
  A bat zombie (D:6)
  5 giant cockroaches
  8 hobgoblins
  12 jackals
  5 kobolds
  2 quokkas
  4 bats
  8 frilled lizards
  A giant cockroach zombie (D:4)
  8 goblins
  4 rats
  A rat zombie (D:6)
185 creatures vanquished.

Vanquished Creatures (collateral kills)
  The ghost of bmj180 the Cutter, a novice KoBe of Trog (D:4)
  A crimson imp (D:5)
2 creatures vanquished.

Vanquished Creatures (others)
  Edmund (D:6)
  An orc priest (D:4)
  An orc wizard (D:4)
  4 orcs
  A jackal (D:9)
8 creatures vanquished.

Grand Total: 195 creatures vanquished

Notes
Turn   | Place    | Note
-------+----------+-------------------------------------------
     0 | D:1      | Irenicus the Spriggan Chaos Knight began the quest for the Orb.
     0 | D:1      | Reached XP level 1. HP: 11/11 MP: 2/2
   153 | D:1      | Reached XP level 2. HP: 16/16 MP: 3/3
   171 | D:1      | Reached skill level 4 in Short Blades
   504 | D:1      | Reached XP level 3. HP: 16/19 MP: 4/4
   788 | D:2      | Found a sacrificial altar of Ru.
   912 | D:2      | XOM: silly message
  1023 | D:2      | Reached skill level 5 in Short Blades
  1086 | D:2      | Reached skill level 1 in Stealth
  1315 | D:2      | XOM: harmless Fire miscast
  1570 | D:3      | Reached XP level 4. HP: 23/23 MP: 5/5
  1606 | D:3      | Found a hazy altar of Hepliaklqana.
  1606 | D:3      | Found an iron altar of Okawaru.
  1606 | D:3      | Found a hide-covered altar of Uskayaw.
  1606 | D:3      | Found a white marble altar of Elyvilon.
  1631 | D:3      | XOM: mild Tloc miscast
  1846 | D:3      | Found a snail-covered altar of Cheibriados.
  1848 | D:3      | Found a basalt altar of Yredelemnul.
  2036 | D:3      | XOM: harmless Tloc miscast
  2044 | D:3      | XOM: harmless Tloc miscast
  2208 | D:3      | XOM: butterfly on damage
  2361 | D:3      | XOM: give mutation
  2361 | D:3      | Gained mutation: You occasionally shout uncontrollably at your foes. [Xom's mischief]
  2374 | D:4      | Noticed an ogre
  2376 | D:4      | XOM: chaos upgrade
  2379 | D:4      | XOM: medium Conj miscast
  2379 | D:4      | XOM: smoke on damage
  2455 | D:3      | XOM: scenery: create altars
  2458 | D:4      | Noticed bmj180's ghost (novice KoBe)
  2628 | D:4      | XOM: 1-stop teleportation journey
  2800 | D:4      | Reached XP level 5. HP: 27/27 MP: 6/6
  2802 | D:4      | XOM: fog
  2804 | D:4      | XOM: divine lightning
  2813 | D:4      | XOM: confuse monster(s)
  2822 | D:4      | Reached skill level 6 in Short Blades
  2822 | D:4      | XOM: divine lightning
  2823 | D:4      | XOM: summons friendly iron imp
  2837 | D:4      | Killed an ogre
  2857 | D:4      | XOM: cleaving
  2858 | D:4      | XOM: 1-stop teleportation journey
  2871 | D:4      | XOM: enchant monster (good)
  2874 | D:4      | Reached skill level 7 in Short Blades
  2874 | D:4      | Reached XP level 6. HP: 21/32 MP: 7/7
  2879 | D:4      | XOM: summons 3 friendly demons
  2887 | D:4      | Lost mutation: You occasionally shout uncontrollably at your foes. [potion of mutation]
  2887 | D:4      | Gained mutation: Your magical capacity is low. (-10% MP) [potion of mutation]
  2887 | D:4      | Gained mutation: You possess an exceptional clarity of mind. [potion of mutation]
  2887 | D:4      | Gained mutation: Your muscles are strong. (Str +2) [potion of mutation]
  2887 | D:4      | Gained mutation: You are partially covered in thin metallic scales. (AC +2) [potion of mutation]
  2900 | D:4      | Killed bmj180's ghost
  2900 | D:4      | Reached skill level 8 in Short Blades
  2900 | D:4      | Reached XP level 7. HP: 17/35 MP: 7/7
  3102 | D:4      | Learned a level 2 spell: Passwall
  3113 | D:5      | Entered Level 5 of the Dungeon
  3145 | D:5      | XOM: 4-stop teleportation journey
  3226 | D:5      | XOM: summons friendly ice devil
  3232 | D:5      | Reached skill level 9 in Short Blades
  3234 | D:5      | Reached skill level 1 in Transmutations
  3295 | D:5      | XOM: cloud trail
  3479 | D:5      | XOM: god gift: 26 gold pieces
  3933 | D:6      | XOM: polymorph adder -> orc
  3992 | D:6      | XOM: confuse monster(s)
  4018 | D:6      | XOM: confuse monster(s)
  4042 | D:6      | XOM: give mutations
  4042 | D:6      | Gained mutation: You are dopey. (Int -2) [Xom's mischief]
  4042 | D:6      | Gained mutation: Armour fits poorly on your strangely shaped body. [Xom's mischief]
  4042 | D:6      | Gained mutation: Your movements are slightly less encumbered by armour. (ER -2) [Xom's mischief]
  4059 | D:6      | XOM: polymorph ogre -> soldier ant
  4182 | D:5      | XOM: god gift: 24 gold pieces
  4249 | D:6      | XOM: enchant monster (good)
  4253 | D:6      | Noticed Eustachio
  4278 | D:6      | XOM: confuse monster(s)
  4281 | D:6      | Killed Eustachio
  4281 | D:6      | Reached skill level 10 in Short Blades
  4281 | D:6      | Reached XP level 8. HP: 37/39 MP: 8/8
  4287 | D:6      | XOM: noise
  4298 | D:6      | XOM: scenery: 1 doors open
  4304 | D:6      | XOM: divination: detect creatures
  4340 | D:5      | XOM: cloud trail
  4397 | D:6      | XOM: enchant monster (good)
  4413 | D:6      | XOM: 3-stop teleportation journey
  4414 | D:6      | Reached skill level 1 in Earth Magic
  4450 | D:6      | Found an ancient bone altar of Kikubaaqudgha.
  4476 | D:6      | XOM: god gift: bread ration
  4522 | D:6      | XOM: confuse monster(s)
  4535 | D:6      | XOM: harmless Tmut miscast
  4538 | D:6      | XOM: swap monsters
  4546 | D:6      | XOM: noise
  4547 | D:6      | Reached skill level 11 in Short Blades
  4548 | D:6      | XOM: enchant monster (bad)
  4753 | D:6      | Noticed Edmund
  4756 | D:6      | XOM: fog
  4765 | D:6      | XOM: cast spell 'Cause Fear'
  4770 | D:6      | XOM: god gift: bread ration
  4778 | D:6      | XOM: fog
  4782 | D:6      | XOM: scenery: create altars
  4793 | D:6      | Killed Edmund
  4793 | D:6      | XOM: divine lightning
  4839 | D:6      | XOM: god gift: trident {god gift}
  4896 | D:6      | XOM: noise
  4901 | D:6      | Learned a level 3 spell: Confuse
  5083 | D:6      | XOM: mild Tmut miscast
  5349 | D:7      | Reached skill level 1 in Spellcasting
  5433 | D:7      | Found a sacrificial altar of Ru.
  5466 | D:7      | Found a runed door.
  5470 | D:7      | Noticed Crazy Yiuf
  5474 | D:7      | Killed Crazy Yiuf
  5534 | D:7      | Reached skill level 12 in Short Blades
  5537 | D:7      | Reached skill level 1 in Evocations
  5651 | D:7      | Found a staircase to the Ecumenical Temple.
  5775 | D:8      | XOM: cast spell 'Statue Form'
  5780 | D:8      | Reached XP level 9. HP: 43/43 MP: 10/10
  5940 | D:8      | Reached skill level 5 in Dodging
  5971 | D:8      | Noticed a cyclops
  6017 | D:8      | Killed a cyclops
  6043 | D:8      | XOM: swap monsters
  6046 | D:8      | XOM: cast spell 'Cause Fear'
  6048 | D:8      | Reached skill level 5 in Evocations
  6055 | D:8      | XOM: cleaving
  6067 | D:8      | XOM: enchant monster (good)
  6247 | D:8      | Noticed a seven-headed hydra
  6247 | D:8      | XOM: summons friendly shadow imp
  6251 | D:8      | XOM: 1-stop teleportation journey
  6370 | D:8      | XOM: god gift: 54 gold pieces
  6645 | D:8      | XOM: god gift: 5 bread rations
  6850 | D:9      | XOM: enchant monster (good)
  6935 | D:9      | Killed a seven-headed hydra
  6981 | D:9      | XOM: divination: detect creatures
  6983 | D:9      | XOM: fog
  7065 | D:9      | Noticed a troll
  7065 | D:9      | XOM: divine lightning
  7069 | D:9      | XOM: summons 2 friendly demons
  7076 | D:9      | XOM: 2-stop teleportation journey
  7124 | D:9      | XOM: summons friendly quasit
  7130 | D:9      | XOM: cast spell 'Alistair's Intoxication'
  7146 | D:9      | XOM: confuse monster(s)
  7154 | D:9      | XOM: enchant monster (bad)
  7156 | D:9      | XOM: chaos upgrade
  7157 | D:9      | Reached XP level 10. HP: 47/47 MP: 15/15
  7161 | D:9      | XOM: confuse monster(s)
  7173 | D:9      | XOM: fog
  7184 | D:9      | XOM: 1-stop teleportation journey
  7186 | D:9      | Found an opulent altar of Gozag.
  7191 | D:9      | XOM: noise
  7192 | D:9      | XOM: medium Erth miscast
  7504 | D:10     | Entered Level 10 of the Dungeon
  7513 | D:10     | XOM: fog
  7534 | D:10     | Noticed a white ugly thing
  7538 | D:10     | XOM: enchant monster (bad)
  7544 | D:10     | Killed a white ugly thing
  7544 | D:10     | Reached skill level 5 in Stealth
  7544 | D:10     | Reached skill level 10 in Evocations
  7544 | D:10     | XOM: destruction
  7567 | D:10     | Noticed a death yak
  7583 | D:10     | Noticed Urug
  7590 | D:10     | XOM: medium Hex miscast
  7594 | D:10     | XOM: swap monsters
  7594 | D:10     | XOM: butterfly on damage
  7600 | D:10     | XOM: harmless Pois miscast
  7608 | D:10     | Slain by Urug

Skill      XL: |  1  2  3  4  5  6  7  8  9 10 |
---------------+-------------------------------+-----
Short Blades   | 4 5 7 8 10 12 | 12.0
Stealth        | 1 3 6 |  6.4
Transmutations | 3 |  3.1
Earth Magic    | 1 |  1.0
Spellcasting   | 1 |  1.3
Evocations     | 2 8 10 | 10.2
Dodging        | 4 8 9 |  9.7
Fighting       | |  2.4

Action                   |  1- 3 |  4- 6 |  7- 9 | 10-12 || total
-------------------------+-------+-------+-------+-------++-------
Melee: Short sword       |   161 |   107 |   471 |   142 ||   881
 Cast: Passwall          |       |       |     1 |       ||     1
 Abil: Evoke Invisibilit |       |       |     2 |     2 ||     4
  Use: Potion            |       |     4 |     4 |     6 ||    14
       Scroll            |       |     2 |     5 |       ||     7
 Stab: Sleeping          |     5 |       |    10 |       ||    15
       Confused          |       |       |     6 |     7 ||    13
       Paralysed         |       |       |     2 |       ||     2
       Invisible         |       |       |     2 |    21 ||    23
       Fleeing           |       |       |     1 |       ||     1
       Petrifying        |       |       |     1 |       ||     1
  Eat: Bread ration      |       |     1 |     1 |       ||     2
Armor: Robe              |    15 |    11 |    24 |     2 ||    52
       Skin              |       |       |     2 |       ||     2
Dodge: Dodged            |   116 |    64 |   212 |   105 ||   497
